 Dungeon Crawl Stone Soup version 0.32-a0-861-g165e151e72 (webtiles) character file.

Game seed: 1757106247582506342

51902 TISL the Spear-Bearer (level 14, -1/169 HPs)
             Began as a Demonspawn Gladiator on Mar 28, 2024.
             Was the Champion of Dithmenos.
             Succumbed to a green very ugly thing's poison
             ... on level 5 of the Lair of Beasts.
             The game lasted 03:50:42 (19675 turns).

TISL the Spear-Bearer (Demonspawn Gladiator)       Turns: 19675, Time: 03:50:42

Health: -1/169     AC: 29    Str: 24    XL:     14   Next: 25%
Magic:  5/23       EV: 16    Int:  8    God:    Dithmenos [******]
Gold:   708        SH:  6    Dex: 21    Spells: 11/25 levels left

rFire   + . .        a - +4 trident (protect)
rCold   . . .        C - +0 buckler
rNeg    . . .        z - +3 scale mail {rF+}
rPois   .            c - +2 helmet
rElec   .            b - +2 cloak
rCorr   .            j - +2 pair of gloves
SInv    .            N - +0 pair of boots
Will    +....        V - amulet of guardian spirit Stlth
                     X - ring of Moodiness {Str+6 Stlth+}
HPRegen 0.48/turn    h - +5 ring of evasion
MPRegen 0.18/turn

%: guardian spirit
@: berserking (expiring), lethally poisoned (-1 -> -19), under a protective
aura, wreathed by umbra, studying Long Blades, very quick
A: thin skeletal structure 2, powered by death 2, bedeviling, demonic touch 2,
foul shadow 2
a: Renounce Religion, Shadow Step, Shadow Form


You were on level 5 of the Lair of Beasts.
You worshipped Dithmenos.
Dithmenos was exalted by your worship.
You visited 2 branches of the dungeon, and saw 14 of its levels.
You also visited: Bailey.

You collected 1812 gold pieces.
You spent 1104 gold pieces at shops.

Inventory:

Hand Weapons
 a - a +4 trident of protection (weapon)
 r - a +3 trident of draining
Missiles
 e - 21 javelins (quivered)
 g - 6 boomerangs
 n - 21 poisoned darts
 B - 2 curare-tipped darts
 Y - a throwing net
Armour
 b - a +2 cloak (worn)
 c - a +2 helmet (worn)
 f - an orb of wrath
 j - a +2 pair of gloves (worn)
 u - the +0 leather armour of Ceob {rCorr Int+3}
   (You bought it in a shop on level 3 of the Dungeon)

   Int+3:     It affects your intelligence (+3).
   rCorr:     It protects you from acid and corrosion.
 z - a +3 scale mail of fire resistance (worn)
 C - a +0 buckler (worn)
 N - a +0 pair of boots (worn)
Magical Staves
 p - the staff "Lonoki" {rC+ rN++ Int-2 Conj}
   (You found it on level 5 of the Lair of Beasts)

   [staff of conjuration]

   Base accuracy: +5 Base damage: 5 Base attack delay: 1.2 This weapon's minimum
   attack delay (0.6) is reached at skill level 12.
   Int-2:     It affects your intelligence (-2).
   rC+:       It protects you from cold.
   rN++:      It greatly protects you from negative energy.
   Conj:      It increases the power of your Conjurations spells.
   It falls into the 'Staves' category.
   It is a one-handed weapon.
 R - a staff of cold
Jewellery
 h - a +5 ring of evasion (right hand)
 K - a ring of magical power
 T - a ring of willpower
 V - an amulet of guardian spirit (around neck)
 X - the ring of Moodiness (left hand) {Str+6 Stlth+}
   (You bought it in a shop on level 3 of the Dungeon)

   [ring of strength]

   Str+6:     It affects your strength (+6).
   Stlth+:    It makes you more stealthy.
Wands
 y - a wand of mindburst (37)
 F - a wand of roots (1)
 I - a wand of acid (17)
 P - a wand of flame (11)
 U - a wand of polymorph (7)
 W - a wand of paralysis (7)
Scrolls
 i - 2 scrolls of vulnerability
 m - 3 scrolls of poison
 s - a scroll of silence
 t - 4 scrolls of fog
 v - 2 scrolls of teleportation
 G - 3 scrolls of revelation
 H - a scroll of blinking
 J - a scroll of fear
Potions
 d - 2 potions of brilliance
 k - a potion of cancellation
 o - 4 potions of lignification
 q - a potion of attraction
 A - a potion of ambrosia
 D - a potion of might {unknown}
 E - a potion of haste {unknown}
 L - 2 potions of degeneration
 Q - a potion of enlightenment {unknown}
Miscellaneous
 Z - a lightning rod (4/4)


   Skills:
 - Level 11.0 Fighting
 * Level 13.6 Polearms
 - Level 6.0 Throwing
 + Level 6.7 Armour
 - Level 4.0 Dodging
 - Level 7.0 Stealth
 - Level 7.0 Shields
 - Level 6.0 Spellcasting
 - Level 6.0 Hexes
 * Level 4.7 Translocations


You had 11 spell levels left.
You knew the following spells:

 Your Spells              Type           Power      Damage    Failure   Level
a - Tukima's Dance        Hex            18%        N/A       16%         3
b - Sigil of Binding      Hex            18%        N/A       16%         3
c - Cause Fear            Hex            9%         N/A       45%         4
d - Dimensional Bullseye  Hex/Tloc       8%         N/A       56%         4

Your spell library contained the following spells:

 Spells                   Type           Power      Damage    Failure   Level
 Ensorcelled Hibernation  Hex/Ice        20%        N/A       26%         2
 Sting                    Conj/Alch      8%         1d3       52%         1
 Mercury Vapours          Alch/Air       4%         N/A       67%         2
 Scorch                   Fire           4%         2d5       67%         2
 Call Canine Familiar     Summ           2%         N/A       88%         3
 Hailstorm                Conj/Ice       2%         3d5       88%         3
 Summon Ice Beast         Ice/Summ       2%         N/A       88%         3
 Iskenderun's Mystic Bla Conj/Tloc 6%             2d4        (+2d1     93%         4
 Vhi's Electric Charge    Tloc/Air       12%        N/A       93%         4
 Ignite Poison            Fire/Alch      2%         N/A       99%         4
 Olgreb's Toxic Radiance  Alch           2%         N/A       99%         4
 Sticky Flame             Fire/Alch      2%         2d4       99%         4
 Summon Blazeheart Golem  Fire/Summ      2%         N/A       99%         4
 Arcjolt                  Conj/Air       1%         1d11      100%        5
 Fireball                 Conj/Fire      1%         3d3       100%        5
 Dispersal                Tloc           5%         N/A       100%        6
 Gell's Gavotte           Tloc           5%         2d(13-19) 100%        6
 Permafrost Eruption      Ice/Erth       1%         2x4d2     100%        6
 Plasma Beam              Fire/Air       1%         2x1d11    100%        6
 Sculpt Simulacrum        Ice/Alch       1%         N/A       100%        6
 Summon Cactus Giant      Summ           1%         N/A       100%        6
 Manifold Assault         Tloc           5%         N/A       100%        7
 Summon Hydra             Summ           1%         N/A       100%        7
 Disjunction              Tloc           5%         N/A       100%        8
 Dragon's Call            Summ           1%         N/A       100%        9


Dungeon Overview and Level Annotations

Branches:
Dungeon (9/15)             Temple (0/1) D:7            Lair (5/5) D:9
  Swamp (0/4) Lair:2        Snake (0/4) Lair:3        Slime (0/5) Lair:5
    Orc (0/2) D:9          Bailey (visited)

Altars:
Cheibriados
Dithmenos
Kikubaaqudgha
Okawaru
Sif Muna
Trog
Uskayaw
Vehumet
Jiyva
Lugonu

Shops:
D:3 ==*[:   D:6 *!   D:7 *

Portals:
Abyss: Lair:5*

Annotations:
D:7 2 transporters, ballabu's ghost, novice OpSh
Lair:3 2 transporters, dittoslash's ghost, journeyman BaFi
Lair:5 1 transporter, fedoskokos's ghost, journeyman DrSh


Innate Abilities, Weirdness & Mutations

You have a moderately thin skeletal structure. (Dex +4, Stealth++)
You regenerate health from kills.
Your hexes are more powerful.
Your touch may inflict irresistible damage on your foes.
You are shadowed, sometimes releasing foul flame when damaged in melee.


Message History

The green very ugly thing is heavily wounded.
Your shadow hits the green very ugly thing but does no damage.
* * * LOW HITPOINT WARNING * * *
You feel very sick.
You block the large abomination's attack.
The green very ugly thing misses you.
You puncture the green very ugly thing!
The green very ugly thing is severely wounded.
Your shadow hits the green very ugly thing with a trident.
* * * LOW HITPOINT WARNING * * *
You feel very sick.
You barely miss the green very ugly thing.
The green very ugly thing is severely wounded.
Your shadow hits the green very ugly thing but does no damage.
* * * LOW HITPOINT WARNING * * *
You feel very sick. The green very ugly thing punches you!
* * * LOW HITPOINT WARNING * * *
You are too berserk!
You are too berserk!
You impale the green very ugly thing!!
The green very ugly thing is almost dead.
* * * LOW HITPOINT WARNING * * *
You feel very sick.
Unknown command.
You are too berserk!
You are too berserk!
You hit the green very ugly thing but do no damage.
The green very ugly thing is almost dead.
You feel yourself speed up.
* * * LOW HITPOINT WARNING * * *
You feel very sick.
The purple ugly thing closely misses you.
You block the green very ugly thing's attack.
You are too berserk!
You are too berserk!
You puncture the green very ugly thing!
You kill the green very ugly thing!
Dithmenos accepts your kill.
You die...

.............##.§#.###...........
###...........#.#.X#.......#.....
#.#....###..##.§§#.....####....
###....##©##..#)#.##....###.....
##.#...##i∩.#.##.#.)##.....##....
#......##.#.###.##.#.#....#..#..†
........##.....##X^#.##..........
.........#$....##uX...#.........†
.........#...# #@†###§#..........
P...#....##.####}##.###..###....#
##....÷...###..###.......#.###...
...........................#.....
.................................
[................................
.................................
...##.....##.#..P.....#..........
#...##...###.#.##.#####..#....#.#


You could see a purple ugly thing and 2 large abominations.

Vanquished Creatures
  A very ugly thing (Lair:5)
  2 vault guards (Bailey)
  Harold (Lair:2)
  4 hydras
  The ghost of mertasd123 the Summoner, a journeyman GnSu of Cheibriados (D:9)
  Urug (Lair:5)
  3 thrashing horrors (Lair:5)
  A skyshark (Lair:5)
  2 deep elf pyromancers (D:8)
  4 ugly things (Lair:5)
  Maurice (D:8)
  A salamander (Lair:3)
  18 elephants
  2 torpor snails
  3 black mambas
  2 large abominations (Lair:5)
  A smoke demon (Lair:5)
  13 cane toads
  Jeremiah (D:8)
  2 kobold demonologists (D:8)
  12 komodo dragons
  4 rime drakes
  5 polar bears
  A hornet (D:9)
  Grinder (D:6)
  Prince Ribbit (Bailey)
  A raiju (Lair:5)
  18 blink frogs
  6 dream sheep (Lair:5)
  A slime creature (D:9)
  11 wyverns
  A ynoxinul (Lair:5)
  A vampire (D:8)
  28 yaks
  2 spriggans (Lair:5)
  4 humans (Bailey)
  A human (shapeshifter) (Lair:5)
  7 basilisks
  4 chaos spawn (Lair:5)
  Eustachio (D:6)
  Menkaure (D:6)
  3 nagas (Lair:3)
  8 small abominations (Lair:5)
  2 swamp worms (Lair:2)
  21 water moccasins
  2 sky beasts
  5 black bears
  An ogre (D:4)
  20 wolves
  3 centaurs
  A phantom (D:6)
  2 scorpions
  16 bullfrogs
  3 wights (D:7)
  6 killer bees (D:9)
  6 howler monkeys
  4 electric eels
  4 bombardier beetles
  6 hounds
  3 orc priests
  5 jellies
  2 sleepcaps
  7 iguanas
  3 orc wizards
  5 gnolls
  4 adders
  A shadow imp (D:6)
  3 white imps
  2 ufetubi (D:7)
  A dart slug (D:5)
  19 orcs
  3 endoplasms
  5 giant cockroaches
  11 goblins
  5 hobgoblins
  5 jackals
  6 kobolds
  5 quokkas
  8 ball pythons
  7 bats
  4 frilled lizards (D:2)
  2 rats
404 creatures vanquished.

Notes
Turn   | Place    | Note
-------+----------+-------------------------------------------
     0 | D:1      | TISL the Demonspawn Gladiator began the quest for the Orb.
     0 | D:1      | Reached XP level 1. HP: 16/16 MP: 1/1
   200 | D:1      | Gained mutation: You are faintly shadowed, very rarely
                  | releasing foul flame when damaged in melee. [demonic
                  | ancestry]
   200 | D:1      | Reached XP level 2. HP: 20/22 MP: 2/2
   942 | D:2      | Reached skill level 3 in Polearms
  1105 | D:2      | Reached XP level 3. HP: 28/28 MP: 3/3
  2119 | D:3      | Gained mutation: You have a somewhat thin skeletal
                  | structure. (Dex +2, Stealth+) [demonic ancestry]
  2119 | D:3      | Reached XP level 4. HP: 35/35 MP: 4/4
  2123 | D:3      | Found Efusygest's Assorted Antiques.
  2409 | D:3      | Reached skill level 1 in Stealth
  2513 | D:3      | Found Petaidea's Antique Armour Shop.
  2519 | D:3      | Bought a scorched leather armour for 126 gold pieces
  2519 | D:3      | Identified the +0 leather armour of Ceob {rCorr Int+3} (You
                  | bought it in a shop on level 3 of the Dungeon)
  2583 | D:3      | Gained mutation: You have a moderately thin skeletal
                  | structure. (Dex +4, Stealth++) [demonic ancestry]
  2583 | D:3      | Reached XP level 5. HP: 41/41 MP: 5/5
  2747 | D:3      | Noticed a walking crystal tome
  2748 | D:3      | Found Zutyinue's Book Boutique.
  2749 | D:3      | Noticed a walking earthen tome
  2906 | D:3      | Found Gaoryash's Jewellery Shoppe.
  3076 | D:3      | Found Adwoeheb's Jewellery Boutique.
  3599 | D:4      | Noticed an ogre
  3606 | D:4      | Killed an ogre
  3607 | D:4      | Gained mutation: You regenerate a little health from kills.
                  | [demonic ancestry]
  3607 | D:4      | Reached XP level 6. HP: 45/48 MP: 6/6
  4235 | D:4      | Found a shimmering blue altar of Sif Muna.
  4236 | D:4      | Found a shadowy altar of Dithmenos.
  4241 | D:4      | Found a snail-covered altar of Cheibriados.
  4245 | D:4      | Reached skill level 4 in Polearms
  4255 | D:4      | Found an iron altar of Okawaru.
  4255 | D:4      | Found a radiant altar of Vehumet.
  4308 | D:4      | Became a worshipper of Dithmenos the Shadowed
  4482 | D:5      | Entered Level 5 of the Dungeon
  4499 | D:5      | Reached skill level 5 in Fighting
  4544 | D:5      | Gained mutation: Your touch may inflict minor irresistible
                  | damage on your foes. [demonic ancestry]
  4544 | D:5      | Reached XP level 7. HP: 53/56 MP: 7/7
  5344 | D:6      | Gained mutation: You are shadowed, sometimes releasing foul
                  | flame when damaged in melee. [demonic ancestry]
  5344 | D:6      | Reached XP level 8. HP: 65/65 MP: 8/8
  5367 | D:6      | Reached skill level 5 in Polearms
  5373 | D:6      | Reached * piety under Dithmenos
  5437 | D:6      | Noticed Grinder
  5448 | D:6      | Killed Grinder
  5632 | D:6      | Noticed Menkaure
  5639 | D:6      | Killed Menkaure
  5640 | D:6      | Reached skill level 5 in Stealth
  5708 | D:6      | Found a hide-covered altar of Uskayaw.
  5758 | D:6      | Noticed Eustachio
  5790 | D:6      | Killed Eustachio
  5973 | D:6      | Found Fuobi's Gadget Gallery.
  6054 | D:6      | Gained mutation: You regenerate health from kills. [demonic
                  | ancestry]
  6054 | D:6      | Reached XP level 9. HP: 61/73 MP: 9/9
  6129 | D:6      | Found Ifauher's Distillery.
  6133 | D:6      | Bought a potion of heal wounds for 50 gold pieces
  6133 | D:6      | Bought a potion of ambrosia for 80 gold pieces
  6189 | D:6      | Reached skill level 6 in Polearms
  6400 | D:7      | Found a bloodstained altar of Trog.
  6400 | D:7      | Noticed a moth of wrath
  6400 | D:7      | Noticed ballabu's ghost (novice OpSh)
  6557 | D:7      | Found Umyiff's Overcharged Wands.
  6589 | D:7      | Found a staircase to the Ecumenical Temple.
  6599 | D:7      | Reached skill level 1 in Shields
  6676 | D:7      | Found a flagged portal.
  6687 | Bailey   | Entered a bailey
  6991 | Bailey   | Reached ** piety under Dithmenos
  6999 | Bailey   | Reached skill level 7 in Polearms
  7025 | Bailey   | Noticed Prince Ribbit
  7025 | Bailey   | Noticed a vault guard
  7047 | Bailey   | Killed a vault guard
  7048 | Bailey   | Reached skill level 5 in Shields
  7048 | Bailey   | Reached XP level 10. HP: 49/83 MP: 10/10
  7052 | Bailey   | Killed Prince Ribbit
  7193 | Bailey   | Noticed a vault guard
  7223 | Bailey   | Killed a vault guard
  7734 | D:7      | Found a transporter.
  7739 | D:7      | Found a transporter.
  8219 | D:8      | Noticed a deep elf pyromancer
  8219 | D:8      | Noticed Jeremiah
  8227 | D:8      | Killed Jeremiah
  8705 | D:8      | Noticed a deep elf pyromancer
  8711 | D:8      | Killed a deep elf pyromancer
  8712 | D:8      | Reached skill level 8 in Polearms
  8722 | D:8      | Reached skill level 1 in Armour
  8729 | D:8      | Got the Elucidation of Calling and the Deep Freeze
  8734 | D:8      | Got the Tome of the Volcano
  9317 | D:8      | Noticed Maurice
  9370 | D:8      | Killed Maurice
  9494 | D:8      | Killed a deep elf pyromancer
  9495 | D:8      | Reached skill level 10 in Fighting
  9495 | D:8      | Reached XP level 11. HP: 66/90 MP: 11/11
  9726 | D:6      | Bought 2 potions of curing for 60 gold pieces
  9726 | D:6      | Bought a potion of curing for 30 gold pieces
 10031 | D:9      | Found a staircase to the Lair.
 10476 | D:9      | Found an ancient bone altar of Kikubaaqudgha.
 10534 | D:9      | Reached *** piety under Dithmenos
 10571 | D:9      | Learned a level 3 spell: Tukima's Dance
 10642 | D:9      | Reached skill level 9 in Polearms
 10653 | D:9      | Reached skill level 5 in Armour
 10797 | D:9      | Found a staircase to the Orcish Mines.
 10797 | D:9      | Found a runed translucent gate.
 10798 | D:9      | Found a runed translucent gate.
 10799 | D:9      | Found a runed translucent gate.
 10802 | D:9      | Found a viscous altar of Jiyva.
 10802 | D:9      | Noticed mertasd123's ghost (journeyman GnSu)
 10886 | D:9      | Noticed a lightning spire
 10916 | D:9      | Killed mertasd123's ghost
 10917 | D:9      | Reached skill level 1 in Hexes
 11159 | Lair:1   | Entered Level 1 of the Lair of Beasts
 11377 | Lair:1   | Reached skill level 5 in Throwing
 11391 | Lair:1   | Noticed a catoblepas
 12146 | Lair:1   | Gained mutation: Your hexes are more powerful. [demonic
                  | ancestry]
 12146 | Lair:1   | Reached XP level 12. HP: 97/97 MP: 12/12
 12529 | Lair:1   | Reached **** piety under Dithmenos
 13113 | Lair:2   | Identified a scroll of acquirement
 13114 | Lair:2   | Acquired 858 gold pieces
 13334 | Lair:2   | Found a staircase to the Swamp.
 13348 | Lair:2   | Reached skill level 10 in Polearms
 14076 | D:3      | Bought an amulet of guardian spirit for 300 gold pieces
 14144 | D:3      | Bought the ring of Moodiness {Str+6 Stlth+} for 458 gold
                  | pieces
 14378 | Lair:2   | Noticed Harold
 14390 | Lair:2   | Noticed a four-headed hydra
 14401 | Lair:2   | Killed Harold
 14405 | Lair:2   | Killed a four-headed hydra
 14919 | Lair:3   | Found a transporter.
 14919 | Lair:3   | Found a transporter.
 14920 | Lair:3   | Noticed dittoslash's ghost (journeyman BaFi)
 15035 | Lair:3   | Reached skill level 1 in Spellcasting
 15427 | Lair:3   | Found a staircase to the Snake Pit.
 16540 | Lair:4   | Reached skill level 11 in Polearms
 16808 | Lair:4   | Reached skill level 5 in Hexes
 16816 | Lair:4   | Reached ***** piety under Dithmenos
 16817 | Lair:4   | Gained mutation: Your touch may inflict irresistible damage
                  | on your foes. [demonic ancestry]
 16817 | Lair:4   | Reached XP level 13. HP: 106/106 MP: 18/18
 16833 | Lair:4   | Learned a level 4 spell: Dimensional Bullseye
 16837 | Lair:4   | Learned a level 3 spell: Sigil of Binding
 16843 | Lair:4   | Learned a level 4 spell: Cause Fear
 17246 | Lair:5   | Entered Level 5 of the Lair of Beasts
 17246 | Lair:5   | Found a staircase to the Slime Pits.
 17246 | Lair:5   | Found a viscous altar of Jiyva.
 17634 | Lair:5   | Reached skill level 5 in Spellcasting
 17635 | Lair:5   | Reached skill level 12 in Polearms
 17732 | Lair:5   | Noticed a green very ugly thing
 17912 | Lair:5   | Noticed Urug
 17962 | Lair:5   | Killed Urug
 18043 | Lair:5   | Found a transporter.
 18050 | Lair:5   | Found a transporter.
 18062 | Lair:5   | Reached skill level 1 in Translocations
 18274 | Lair:5   | Reached skill level 13 in Polearms
 18486 | Lair:5   | Found a one-way gate to the infinite horrors of the Abyss.
 18502 | Lair:5   | Noticed fedoskokos's ghost (journeyman DrSh)
 18931 | Lair:5   | Reached XP level 14. HP: 113/113 MP: 18/23
 18971 | Lair:5   | Identified the staff "Lonoki" {rC+ rN++ Int-2 Conj}
 19128 | Lair:5   | Found a corrupted altar of Lugonu.
 19336 | Lair:5   | Reached ****** piety under Dithmenos
 19672 | Lair:5   | HP: 8/169 [green very ugly thing (5)]
 19674 | Lair:5   | HP: 1/169 [poisoned by a green very ugly thing]
 19675 | Lair:5   | Killed a green very ugly thing
 19675 | Lair:5   | Succumbed to a green very ugly thing's poison

Illustrated notes

Levels and vault maps discovered:
D:1:      lemuel_arrival_room, layout_basic, minmay_ruptured
D:2:      layout_basic, minmay_fractal_squares_5
D:3:      layout_basic, serial_shops, nicolae_shop_mannequins,
          nicolae_shop_back_alley_shop, nicolae_shop_tiny_real_fake_doors,
          nicolae_shop_tiny_real_fake_doors, shop_fountains
D:4:      cheibrodos_pilgrimage, layout_basic, grunt_temple_overflow_open
D:5:      layout_cave_pools
D:6:      layout_basic, serial_shops, kennysheep_mini, hangedman_feature_mirror,
          nicolae_shop_gadgets, uniq_eustachio, uniq_menkaure, uniq_grinder
D:7:      layout_basic, temple_fountains, gammafunk_ghost_wrathful_warriors,
          enter_bailey_8, kennysheep_cross_bottleneck,
          nicolae_shop_overcharged_wands
D:8:      layout_basic, minmay_statues_item, kb_lookout_dungeons_type,
          serial_library_regret_index_headful, uniq_maurice, uniq_jeremiah
D:9:      layout_roguey, nicolae_kikubaaqudgha_miasma_corner,
          minmay_lair_entry_grove, orc_0_dummy, gammafunk_ghost_ooze
Lair:1:   layout_cave_pods, grunt_megastairs_3
Lair:2:   layout_roguey, nicolae_swamp_entry_splash_gauntlet, st_stairs_4,
          nicolae_quartered_pool_impasse, grunt_megastairs_5,
          serial_bayou_shore_b, uniq_harold
Lair:3:   layout_roguey, alex1729_snake_entry_snake, gammafunk_ghost_hive,
          serial_bayou_shore_b
Lair:4:   layout_concentric_octagons, basic_altar, grunt_megastairs_2
Lair:5:   hellmonk_lair_end_abyssal_woods, layout_long_grid, slime_entry_1,
          gammafunk_ghost_abyssal_escape, pdpol_lair_cavern_descent, uniq_urug

Skill      XL: |  1  2  3  4  5  6  7  8  9 10 11 12 13 14 |
---------------+-------------------------------------------+-----
Throwing       | 2 3 6 |  6.0
Polearms       | 3 4 5 7 8 9 11 13 | 13.6
Dodging        | 3 4 |  4.0
Fighting       | 3 4 5 6 7 9 10 11 | 11.0
Stealth        | 1 2 3 6 7 |  7.0
Shields        | 5 7 |  7.0
Armour         | 2 5 6 |  6.7
Hexes          | 3 5 6 |  6.0
Spellcasting   | 3 6 |  6.0
Translocations | 3 4 |  4.7

Action                     |  1- 3 |  4- 6 |  7- 9 | 10-12 | 13-15 || total
---------------------------+-------+-------+-------+-------+-------++-------
  Melee: Trident           |   129 |   126 |   217 |   826 |   693 ||  1991
  Throw: Throwing net      |     2 |     3 |     1 |     1 |       ||     7
         Javelin           |       |     6 |    20 |    24 |     1 ||    51
         Dart              |       |     3 |    19 |    46 |       ||    68
         Boomerang         |       |       |       |     8 |       ||     8
   Cast: Tukima's Dance    |       |       |       |       |     2 ||     2
         Sigil of Binding  |       |       |       |       |     2 ||     2
  Evoke: Wand              |       |       |       |     7 |       ||     7
    Use: Scroll            |     4 |     6 |    10 |    20 |     5 ||    45
         Potion            |       |     1 |     3 |    11 |     1 ||    16
   Stab: Held in net/web   |     1 |       |       |       |       ||     1
         Sleeping          |     6 |     9 |     9 |    27 |    11 ||    62
         Distracted        |       |     1 |     2 |     5 |     5 ||    13
         Invisible         |       |       |       |     1 |       ||     1
 Armour: Leather armour    |    73 |    17 |       |       |       ||    90
         Scale mail        |       |    76 |   168 |   501 |   266 ||  1011
  Dodge: Dodged            |    90 |    67 |   147 |   374 |   331 ||  1009
  Block: Buckler           |       |       |    14 |   204 |   155 ||   373

Table legend: (Time is in decaauts)
 A = Elapsed time spent in this place.
 B = Non-inter-level travel time spent in this place.
 C = Inter-level travel time spent in this place.
 D = Time resting spent in this place.
 E = Time spent auto-exploring this place.
 F = Levels seen in this place.
 G = Mean time per level.
                   A        B        C        D        E       F      G
               +--------+--------+--------+--------+--------+-----+--------+
         Total |  19769 |  18753 |   1016 |   4751 |   8850 |  15 | 1317.9 |
       Dungeon |  11048 |  10228 |    820 |   2145 |   5533 |   9 | 1227.6 |
          Lair |   7958 |   7762 |    196 |   2144 |   3283 |   5 | 1591.6 |
        Bailey |    762 |    762 |      0 |    462 |     33 |   1 |  762.0 |
               +--------+--------+--------+--------+--------+-----+--------+

Top non-repeatable levels by time:
  Lair:5: 2256 daAuts
  Lair:2: 1840 daAuts
  Lair:1: 1562 daAuts
     D:8: 1559 daAuts
     D:4: 1429 daAuts
     D:7: 1343 daAuts
  Lair:3: 1321 daAuts
     D:9: 1318 daAuts
     D:2: 1314 daAuts
     D:3: 1203 daAuts
     D:6: 1115 daAuts
  Lair:4: 977 daAuts
     D:1: 887 daAuts
     D:5: 874 daAuts
  Bailey: 762 daAuts
